 Dungeon Crawl Stone Soup version 0.25-a0-185-g6cfeca75b2 (webtiles) character file.

Game seed: 15639487820819501019, levelgen mode: deterministic

7468 MrRokkomies the Fighter (level 11, -1/100 (102) HPs)
             Began as a Ghoul Abyssal Knight on Nov 28, 2019.
             Was an Elder of Lugonu.
             Hit by a large rock thrown by a stone giant (14 damage)
             ... in a volcano.
             The game lasted 00:21:12 (9978 turns).

MrRokkomies the Fighter (Ghoul Abyssal Knight)      Turns: 9978, Time: 00:21:12

HP:   -1/100 (102)  AC: 19    Str: 20    XL:     11   Next: 15%
MP:   6/6           EV:  7    Int:  7    God:    Lugonu [****..]
Gold: 196           SH:  0    Dex:  8    Spells: 10/10 levels left

rFire    + + .     SeeInvis +   a - +4 quarterstaff (chaos)
rCold    + . .     Gourm    .   (shield currently unavailable)
rNeg     + + +     Faith    .   O - +0 plate armour
rPois    ∞         Spirit   .   l - +0 helmet
rElec    +         Reflect  .   x - +2 cloak {rPois}
rCorr    +         Harm     .   m - +0 pair of gloves
MR       +....                  p - +0 pair of boots
Stlth    ..........             (no amulet)
HPRegen  0.00/turn              i - ring of protection from magic
MPRegen  0.10/turn              M - ring "Upli" {Fire rN+ MP-9 Slay+3 SInv}

@: resistant, rotting
A: rotting body, claws 1, carnivore, cold resistance 1, negative energy
resistance 3, inhibited regeneration, torment resistance, unbreathing
a: Depart the Abyss, Bend Space, Banish, Corrupt, Renounce Religion


You were in a volcano.
You worshipped Lugonu.
Lugonu was greatly pleased with you.
You were not hungry.

You visited 2 branches of the dungeon, and saw 11 of its levels.
You visited the Abyss 1 time.
You also visited: Volcano.

You collected 639 gold pieces.
You spent 443 gold pieces at shops.

Inventory:

Hand Weapons
 a - a +4 quarterstaff of chaos (weapon)
 b - a +0 shortbow of velocity
 z - a +1 whip of electrocution
 N - a +0 longbow
Missiles
 t - 4 boomerangs (quivered)
 B - 65 bolts
 E - 14 poisoned darts
 K - 52 arrows
Armour
 l - a +0 helmet (worn)
 m - a +0 pair of gloves (worn)
 p - a +0 pair of boots (worn)
 x - a +2 cloak of poison resistance (worn)
 O - a +0 plate armour (worn)
Jewellery
 i - a ring of protection from magic (left hand)
 v - an uncursed ring of protection from magic
 M - the ring "Upli" (right hand) {Fire rN+ MP-9 Slay+3 SInv}
   (You bought it in a shop on level 8 of the Dungeon)

   [ring of fire]

   It enhances your fire magic.
   It affects your accuracy and damage with ranged weapons and melee attacks
   (+3).
   It protects you from fire.
   It makes you vulnerable to cold.
   It protects you from negative energy.
   It affects your magic capacity (-9).
   It lets you see invisible.
Wands
 f - a wand of enslavement (7)
 y - a wand of random effects (10)
 D - a wand of polymorph (18)
 F - a wand of paralysis (8)
 I - a wand of acid (7)
Scrolls
 g - 3 scrolls of remove curse
 j - 2 scrolls of identify
 k - 2 scrolls of fog
 G - a scroll of blinking
 H - a scroll of summoning {unknown}
Potions
 d - a potion of resistance
 e - 6 potions of lignification
 n - 3 potions of curing
 o - a potion of haste {unknown}
 q - 2 potions of ambrosia {unknown}
 r - 3 potions of magic
 u - a potion of berserk rage {unknown}
 w - a potion of cancellation {unknown}
 A - 2 potions of flight
 C - 2 potions of degeneration {unknown}
 J - 2 potions of brilliance {unknown}
Miscellaneous
 s - a sack of spiders
Comestibles
 c - 20 rations


   Skills:
 * Level 11.1 Fighting
 - Level 4.6(6.8) Maces & Flails
 * Level 7.6(8.3) Staves
 + Level 5.7 Armour
 - Level 3.0 Dodging
 + Level 7.8 Invocations


You had 10 spell levels left.
You didn't know any spells.
Your spell library contained the following spells:

 Spells                   Type           Power        Failure   Level  Hunger
 Shock                    Conj/Air       #...         100%        1    ##.....
 Sting                    Conj/Pois      #...         100%        1    ##.....
 Poisonous Vapours        Pois/Air       #.....       100%        2    ###....
 Swiftness                Chrm/Air       #.......     100%        2    ###....
 Mephitic Cloud           Conj/Pois/Air  #.......     100%        3    ####...
 Static Discharge         Conj/Air       #.......     100%        3    ####...
 Airstrike                Air            #.........   100%        4    #####..
 Olgreb's Toxic Radiance  Pois           #.......     100%        4    #####..
 Lightning Bolt           Conj/Air       #.........   100%        5    ######.
 Venom Bolt               Conj/Pois      #.........   100%        5    ######.


Dungeon Overview and Level Annotations

Branches:
Dungeon (10/15)            Temple (0/1) D:7            Lair (1/6) D:10
Volcano (1/1)
    Orc: D:9-12

Altars:
Qazlal

Shops:
D:8 =   D:9 :   D:10 [

Annotations:
D:10 exclusions: obsidian statue and orange crystal statue
Lair:1 Gastronok
Abyss:1 Joseph


Innate Abilities, Weirdness & Mutations

Your body is rotting away.
You thrive on raw meat.
You are immune to poison.
You have sharp fingernails.
You are carnivorous and can eat meat at any time.
Your flesh is cold resistant. (rC+)
You are immune to negative energy. (rN+++)
You do not regenerate when monsters are visible.
You are immune to unholy pain and torment.
You can survive without breathing.


Message History

The earth elemental is heavily damaged.
You hit the earth elemental.
The earth elemental seems to speed up.
The earth elemental is heavily damaged.
A stone giant comes into view.
The earth elemental barely misses you.
You hit the earth elemental but do no damage.
The earth elemental seems to slow down.
The earth elemental is heavily damaged.
You hit the earth elemental but do no damage.
The earth elemental flickers and vanishes for a moment.
The earth elemental is heavily damaged.
The gargoyle hurls a stone arrow at you.
The stone arrow hits the earth elemental!!
The earth elemental is destroyed!
The stone giant throws a large rock.
The large rock hits you!!!
* * * LOW HITPOINT WARNING * * *
You close the door, pushing everything out of the way.
A gargoyle opens the door.
The stone giant throws a large rock.
The large rock hits you!
You die...

#.....≈≈≈≈≈≈§§≈≈≈≈
...
#....≈≈§≈≈§≈§≈°≈○≈
...#
#...≈≈≈≈≈≈§≈≈≈§§≈≈
☼..#
#....≈≈§§§≈≈≈§≈≈≈§
#..#
#....§≈≈≈≈§≈≈§§§≈
#..# #...≈≈§§§≈§≈≈§≈
#..##
##....§§§≈≈≈≈≈§≈
#.9###8.....≈§≈§§§§≈§
#\E'@......≈§≈≈§≈≈≈§§
#.)###8....§.≈≈≈§≈≈..
#..##
###.....≈≈.§≈... #..#
##..........## #..#
####..###### ..C#
#### ...# ...


You could see a stone giant, a fire elemental and a gargoyle.

Vanquished Creatures
  Pikel (D:7)
  A gargoyle (D:10)
  An efreet (Volcano)
  A troll (D:10)
  Prince Ribbit (D:5)
  4 fire bats (Volcano)
  3 yaks (D:9)
  A fire elemental (Volcano)
  A steam dragon (D:10)
  A hungry ghost (D:9)
  Duvessa (D:6)
  A porcupine (D:10)
  An orc warrior (D:8)
  3 sky beasts
  A phantom (D:8)
  6 ice beasts
  5 ogres
  A necrophage (D:7)
  2 centaurs (D:8)
  5 bullfrogs
  An earth elemental (Volcano)
  4 scorpions
  Dowan (D:6)
  6 killer bees (D:7)
  A howler monkey (D:6)
  6 jellies
  3 crimson imps
  A centaur zombie (D:10)
  A bullfrog zombie (D:6)
  3 hounds
  4 lava snakes (Volcano)
  4 orc priests
  Crazy Yiuf (D:5)
  3 orc wizards
  3 centaur skeletons
  Natasha (thrice) (D:2)
  3 worker ants
  Robin (D:2)
  3 gnolls (D:3)
  5 adders
  A howler monkey skeleton (D:5)
  5 shadow imps
  6 oozes
  2 worms
  A dart slug (D:1)
  A leopard gecko (D:1)
  23 orcs
  5 bats
  5 giant cockroaches
  7 hobgoblins
  18 jackals
  8 kobolds
  2 quokkas
  2 ball pythons
  9 frilled lizards
  15 goblins
  A leopard gecko skeleton (D:6)
  7 rats
  A fungus (D:5)
217 creatures vanquished.

Vanquished Creatures (others)
  A spiny frog (Lair:1)
  An earth elemental (Volcano)
  A goblin (D:2)
3 creatures vanquished.

Grand Total: 220 creatures vanquished

Notes
Turn   | Place    | Note
-------+----------+-------------------------------------------
     0 | Abyss:1  | MrRokkomies the Ghoul Abyssal Knight began the quest for
                  | the Orb.
     0 | Abyss:1  | Reached XP level 1. HP: 19/19 MP: 1/1
    17 | Abyss:1  | Found a hazy altar of Hepliaklqana.
   138 | Abyss:1  | Noticed a chaos spawn
   147 | Abyss:1  | Noticed a tentacled starspawn
   147 | Abyss:1  | Noticed a raiju
   148 | D:1      | Escaped the Abyss
   307 | D:1      | Reached skill level 1 in Dodging
   511 | D:1      | Reached * piety under Lugonu
   511 | D:1      | Reached XP level 2. HP: 19/26 MP: 2/2
   970 | D:1      | Reached XP level 3. HP: 26/33 MP: 3/3
  1261 | D:2      | Reached ** piety under Lugonu
  1268 | D:2      | Reached skill level 4 in Fighting
  1281 | D:2      | Reached XP level 4. HP: 22/40 MP: 4/4
  1355 | D:2      | Noticed Natasha
  1372 | D:2      | Killed Natasha
  1388 | D:2      | Noticed Natasha
  1398 | D:2      | Killed Natasha
  1398 | D:2      | Reached XP level 5. HP: 31/47 MP: 6/6
  1550 | D:2      | Found a stormy altar of Qazlal.
  1608 | D:2      | Noticed Robin
  1622 | D:2      | Killed Robin
  1700 | D:2      | Noticed Natasha
  1714 | D:2      | Killed Natasha
  2074 | D:3      | Reached XP level 6. HP: 55/55 MP: 7/7
  2078 | D:3      | Reached *** piety under Lugonu
  2078 | D:3      | Reached skill level 5 in Fighting
  3569 | D:5      | Entered Level 5 of the Dungeon
  3569 | D:5      | Noticed a phantom
  3630 | D:5      | Noticed Prince Ribbit
  3675 | D:5      | Killed Prince Ribbit
  3675 | D:5      | Reached XP level 7. HP: 11/62 MP: 6/9
  4092 | D:5      | Reached skill level 6 in Fighting
  4563 | D:5      | Found a runed translucent door.
  4564 | D:5      | Noticed Crazy Yiuf
  4569 | D:5      | Killed Crazy Yiuf
  4640 | D:6      | Reached XP level 8. HP: 36/71 MP: 10/10
  4747 | D:6      | Reached skill level 1 in Staves
  4907 | D:6      | Reached skill level 7 in Fighting
  4920 | D:6      | Noticed Dowan
  4925 | D:6      | Killed Dowan
  4930 | D:6      | Noticed Duvessa
  4982 | D:6      | HP: 3/73 [ogre/+0 giant club (12)]
  4983 | D:6      | Reached skill level 5 in Invocations
  5387 | D:6      | Killed Duvessa
  5546 | D:7      | Reached XP level 9. HP: 72/81 MP: 10/12
  5590 | D:7      | Reached skill level 8 in Fighting
  5633 | D:7      | Noticed Joseph
  5677 | D:7      | Reached **** piety under Lugonu
  5677 | D:7      | Banished Joseph
  5897 | D:7      | Found a staircase to the Ecumenical Temple.
  5933 | D:7      | Reached skill level 9 in Fighting
  5933 | D:7      | Reached skill level 5 in Staves
  5968 | D:7      | Noticed Pikel
  5978 | D:7      | Killed Pikel
  5978 | D:7      | Reached XP level 10. HP: 82/91 MP: 13/13
  6887 | D:8      | Found Nyexeqap's Jewellery Boutique.
  6895 | D:8      | Bought the ring "Upli" {Fire rN+ MP-9 Slay+3 SInv} for 443
                  | gold pieces
  7186 | D:9      | Reached skill level 10 in Fighting
  7213 | D:9      | Reached skill level 5 in Armour
  7559 | D:9      | Found Foog's Book Emporium.
  7840 | D:10     | Entered Level 10 of the Dungeon
  7840 | D:10     | Found Jamudumi's Armour Shop.
  7841 | D:10     | Noticed a gargoyle
  7849 | D:10     | Killed a gargoyle
  8024 | D:10     | Found a staircase to the Lair.
  8154 | D:10     | Noticed an obsidian statue
  8154 | D:10     | Noticed an orange crystal statue
  8157 | D:10     | Noticed a rust devil
  8738 | Lair:1   | Entered Level 1 of the Lair of Beasts
  8738 | Lair:1   | Noticed Gastronok
  8806 | Lair:1   | Noticed a spiny frog
  8817 | Lair:1   | Banished a spiny frog
  8824 | Lair:1   | Found a dark tunnel.
  8830 | Volcano  | Entered a volcano
  9134 | Volcano  | Reached XP level 11. HP: 53/99 MP: 6/15
  9300 | Volcano  | Reached skill level 11 in Fighting
  9975 | Volcano  | Noticed a stone giant
  9978 | Volcano  | Hit by a large rock thrown by a stone giant

Levels and vault maps discovered:
D:1:      dpeg_arrival_subterranean_lakeside_camping, layout_basic
D:2:      layout_rooms, nicolae_qazlal_eye_of_the_storm, uniq_natasha,
          uniq_robin
D:3:      layout_loops_corners
D:4:      layout_basic, serial_rivers, chequers_serial_rivers_micro_e,
          chequers_serial_rivers_marsh, chequers_serial_rivers_small_b,
          chequers_serial_rivers_large_a, chequers_serial_rivers_room_b,
          chequers_serial_rivers_room_b
D:5:      layout_loops_ring, first_ration, minivault_11, minmay_holes,
          uniq_crazy_yiuf_cottage, uniq_prince_ribbit1
D:6:      layout_basic, uniq_grinder, uniq_duvessa
D:7:      layout_basic, minmay_temple_entry_enclosed_plants, uniq_joseph,
          uniq_pikel
D:8:      layout_loops_corners, serial_shops, shop,
          hangedman_little_slice_of_home
D:9:      layout_grid_maze, serial_shops, kennysheep_mini
D:10:     layout_roguey, lair_entry_dummy, serial_shops,
          nicolae_shop_statue_plus, serial_corexii_hall,
          chequers_hall_statues_corner_a, chequers_hall_statues_corner_a,
          corexii_hall_statues_l, chequers_hall_statues_corner_a, david_greed
Lair:1:   layout_gridlike, enter_volcano_2, grunt_forest_large_clearing_hut,
          uniq_gastronok
Volcano:  volcano_grotto [vgs_dualism]

Skill      XL: |  1  2  3  4  5  6  7  8  9 10 11 |
---------------+----------------------------------+-----
Dodging        | 1 2 3 |  3.0
Maces & Flails | 2 3 4 |  4.6
Fighting       | 4 5 6 7 9 10 11 | 11.1
Invocations    | 3 4 5 6 7 |  7.8
Armour         | 2 3 4 5 |  5.7
Staves         | 3 5 7 |  7.6

Action                   |  1- 3 |  4- 6 |  7- 9 | 10-12 || total
-------------------------+-------+-------+-------+-------++-------
Melee: Mace              |   130 |   134 |       |       ||   264
       Whip              |       |   159 |    42 |       ||   201
       Quarterstaff      |       |       |   181 |   266 ||   447
Throw: Boomerang         |       |       |       |     4 ||     4
Invok: Depart the Abyss  |     1 |       |       |       ||     1
       Banish            |       |     1 |     1 |     1 ||     3
  Use: Scroll            |       |     7 |     7 |     5 ||    19
       Potion            |       |       |     7 |     3 ||    10
 Stab: Petrifying        |       |       |     2 |     1 ||     3
       Invisible         |       |       |     2 |       ||     2
       Paralysed         |       |       |     1 |     1 ||     2
       Confused          |       |       |       |     2 ||     2
  Eat: Chunk             |     3 |    25 |    22 |    15 ||    65
Armor: Scale mail        |    82 |    74 |       |       ||   156
       Chain mail        |       |    63 |   128 |    49 ||   240
       Plate armour      |       |       |       |   152 ||   152
Dodge: Dodged            |    70 |   130 |    81 |   124 ||   405

Table legend:
 A = Non-vault XP
 B = Vault XP
 C = Vault XP percentage of total XP
 D = Non-vault monster count
 E = Vault monster count
 F = Vault count percentage of total count
                 A         B        C        D         E       F
            +---------+---------+-------+---------+---------+-------
      Total |    7196 |    3473 |  32.6 |     175 |      44 |  20.1
            +---------+---------+-------+---------+---------+-------
        D:1 |      33 |       8 |  19.5 |      14 |       6 |  30.0
        D:2 |     165 |      70 |  29.8 |      35 |      12 |  25.5
        D:3 |     257 |       0 |   0.0 |      28 |       0 |   0.0
        D:4 |      42 |       0 |   0.0 |       4 |       0 |   0.0
        D:5 |     205 |     323 |  61.2 |      10 |       2 |  16.7
        D:6 |     949 |     217 |  18.6 |      12 |       2 |  14.3
        D:7 |    1506 |    1059 |  41.3 |      25 |       2 |   7.4
        D:8 |     924 |     161 |  14.8 |      17 |       8 |  32.0
        D:9 |    1286 |       0 |   0.0 |      14 |       0 |   0.0
       D:10 |    1363 |       0 |   0.0 |      14 |       0 |   0.0
     Lair:1 |     466 |       0 |   0.0 |       2 |       0 |   0.0
    Volcano |       0 |    1635 | 100.0 |       0 |      12 | 100.0
            +---------+---------+-------+---------+---------+-------
